[Event "45th FIDE Womens Olympiad 2024"]
[Site "Budapest"]
[Date "2024.09.14"]
[Round "4.1"]
[White "Dronavalli, Harika"]
[Black "Daulyte-Cornette, Deimante"]
[Result "1-0"]
[ECO "C54"]
[WhiteElo "2502"]
[BlackElo "2369"]
[Annotator "ChessBase"]
[PlyCount "103"]
[EventDate "2024.09.05"]
[EventType "team-tourn"]
[EventCountry "HUN"]
[SourceTitle "playchess.com"]
[Source "ChessBase"]
[SourceQuality "1"]
[WhiteTeam "India"]
[BlackTeam "France"]
[WhiteTeamCountry "IND"]
[BlackTeamCountry "FRA"]
[TimeControl "40/5400+30:1800+30"]

1. e4 e5 2. Nf3 Nc6 3. Bc4 Nf6 4. d3 Bc5 5. O-O d6 6. c3 a5 7. Re1 O-O 8. h3 Be6 9. Bb5 Ba7 10. Nbd2 Ne7 11. d4 Ng6 12. Bd3 c6 13. Nf1 Nh5 14. g3 Qd7 15. h4 Bg4 16. Ne3 Rae8 17. Be2 Nf6 18. Nxg4 Nxg4 19. h5 Ne7 20. Nh4 f5 21. Bxg4 fxg4 22. Be3 exd4 23. Bxd4 Bxd4 24. Qxd4 Qe6 25. Rad1 Rd8 26. c4 Qe5 27. Qxe5 dxe5 28. Ng2 Rd4 29. Rxd4 exd4 30. c5 b6 31. Rc1 Rb8 32. Nf4 bxc5 33. Nd3 Rb5 34. Rxc5 Rxc5 35. Nxc5 Kf7 36. Kf1 Kf6 37. Ke2 Ke5 38. Kd3 Ng8 39. Nb3 c5 40. Nxa5 Nf6 41. Nc4+ Ke6 42. a4 Nd7 43. a5 Nb8 44. b4 cxb4 45. Kxd4 Na6 46. Nd2 Kd6 47. Nb3 Nb8 48. e5+ Ke6 49. Nc5+ Kf5 50. e6 b3 51. Kc3 Nc6 52. a6 1-0

[Event "45th FIDE Womens Olympiad 2024"]
[Site "Budapest"]
[Date "2024.09.14"]
[Round "4.1"]
[White "Miladi, Amen"]
[Black "Sosna Mehari Abraham"]
[Result "1-0"]
[ECO "B35"]
[WhiteElo "1851"]
[BlackElo "1541"]
[PlyCount "73"]
[EventDate "2024.09.05"]
[EventType "team-tourn"]
[EventCountry "HUN"]
[WhiteTeam "Tunisia"]
[BlackTeam "Eritrea"]
[WhiteTeamCountry "TUN"]
[BlackTeamCountry "ERI"]
[TimeControl "40/5400+30:1800+30"]

1. e4 c5 2. Nf3 Nc6 3. d4 cxd4 4. Nxd4 g6 5. Nc3 Bg7 6. Be3 Nf6 7. Bc4 O-O 8. Bb3 e6 9. Qd2 d5 10. O-O-O Nxe4 11. Nxe4 dxe4 12. Nxc6 Qxd2+ 13. Bxd2 bxc6 14. Bb4 Re8 15. Rhe1 a5 16. Ba3 f5 17. Rd6 Ra6 18. Red1 Kf7 19. Ba4 Bf8 20. Rxc6 Rxc6 21. Bxc6 Bxa3 22. Bxe8+ Kxe8 23. bxa3 Ke7 24. Rd4 Bd7 25. Kb2 e5 26. Rd5 a4 27. Rxe5+ Kd6 28. Ra5 h5 29. Kc3 g5 30. Kd4 Ke7 31. Ke5 g4 32. g3 Be6 33. Rxa4 Bxa2 34. Ra7+ Kd8 35. Kxf5 Bd5 36. Ke5 Bc6 37. Kd6 1-0

[Event "45th FIDE Womens Olympiad 2024"]
[Site "Budapest"]
[Date "2024.09.14"]
[Round "4.2"]
[White "Milliet, Sophie"]
[Black "Vaishali, Rameshbabu"]
[Result "1/2-1/2"]
[ECO "D02"]
[WhiteElo "2348"]
[BlackElo "2498"]
[Annotator "ChessBase"]
[PlyCount "51"]
[EventDate "2024.09.05"]
[EventType "team-tourn"]
[EventCountry "HUN"]
[SourceTitle "playchess.com"]
[Source "ChessBase"]
[SourceQuality "1"]
[WhiteTeam "France"]
[BlackTeam "India"]
[WhiteTeamCountry "FRA"]
[BlackTeamCountry "IND"]
[TimeControl "40/5400+30:1800+30"]

1. Nf3 d5 2. g3 Nc6 3. d4 Bf5 4. Bg2 e6 5. O-O Nb4 6. Na3 Be7 7. Ne5 Nf6 8. c3 Nc6 9. Qa4 O-O 10. Nxc6 bxc6 11. Qxc6 Rb8 12. c4 Qc8 13. Qa4 c5 14. Nb5 Qc6 15. dxc5 Bxc5 16. Nc3 Qxa4 17. Nxa4 Bd4 18. e3 Be5 19. f4 Bc7 20. cxd5 exd5 21. Nc3 Rfd8 22. Rd1 Bg4 23. Rd3 Bf5 24. Rd1 Bg4 25. Rd3 Bf5 26. Rd1 1/2-1/2

[Event "45th FIDE Womens Olympiad 2024"]
[Site "Budapest"]
[Date "2024.09.14"]
[Round "4.2"]
[White "Besrat Mesgena Yoseph"]
[Black "Mefteh, Meyssem"]
[Result "0-1"]
[ECO "B29"]
[WhiteElo "1557"]
[BlackElo "1834"]
[PlyCount "104"]
[EventDate "2024.09.05"]
[EventType "team-tourn"]
[EventCountry "HUN"]
[WhiteTeam "Eritrea"]
[BlackTeam "Tunisia"]
[WhiteTeamCountry "ERI"]
[BlackTeamCountry "TUN"]
[TimeControl "40/5400+30:1800+30"]

1. e4 c5 2. Nc3 Nc6 3. Nf3 Nf6 4. Be2 d5 5. exd5 Nxd5 6. Nxd5 Qxd5 7. O-O e6 8. d3 Be7 9. b3 Bf6 10. Rb1 O-O 11. c4 Qf5 12. Bb2 Rd8 13. Qd2 b6 14. h3 h6 15. Bxf6 Qxf6 16. Rfe1 e5 17. Qe3 Qd6 18. Nh4 Re8 19. Bf3 Bd7 20. Bd5 Rac8 21. Qf3 Nd8 22. Re4 Bc6 23. Bxc6 Nxc6 24. Rg4 Nd4 25. Qe4 Qe6 26. Re1 f5 27. Nxf5 Qxf5 28. Qd5+ Qe6 29. Rxe5 Qxd5 30. Rxd5 Rcd8 31. Re4 Rxd5 32. Rxe8+ Kf7 33. Re4 Rd7 34. g4 Nc6 35. h4 Rxd3 36. h5 Rd4 37. Re3 Rxg4+ 38. Kf1 Rh4 39. Rf3+ Ke6 40. Rg3 Kf7 41. Rf3+ Kg8 42. Rf5 Nd4 43. Re5 Kf7 44. Kg2 Rf4 45. Kg3 Rf5 46. f4 Rxe5 47. fxe5 Ke6 48. Kf4 Nc6 49. Ke4 Nxe5 50. a4 Nc6 51. Kf4 Na5 52. Ke4 Nxb3 {0-} 0-1

[Event "45th FIDE Womens Olympiad 2024"]
[Site "Budapest"]
[Date "2024.09.14"]
[Round "4.3"]
[White "Divya Deshmukh"]
[Black "Hejazipour, Mitra"]
[Result "1-0"]
[ECO "B92"]
[WhiteElo "2483"]
[BlackElo "2327"]
[Annotator "ChessBase"]
[PlyCount "111"]
[EventDate "2024.09.05"]
[EventType "team-tourn"]
[EventCountry "HUN"]
[SourceTitle "playchess.com"]
[Source "ChessBase"]
[SourceQuality "1"]
[WhiteTeam "India"]
[BlackTeam "France"]
[WhiteTeamCountry "IND"]
[BlackTeamCountry "FRA"]
[TimeControl "40/5400+30:1800+30"]

1. e4 c5 2. Nf3 d6 3. d4 Nf6 4. Nc3 cxd4 5. Nxd4 a6 6. Be2 e5 7. Nb3 Be7 8. Be3 Be6 9. f4 Qc7 10. f5 Bd7 11. O-O O-O 12. a4 Nc6 13. Nd5 Nxd5 14. exd5 Na5 15. Nd2 b5 16. b3 Rfc8 17. Bd3 f6 18. Qh5 Be8 19. Qh4 Bf7 20. Rf3 Kh8 21. Rh3 Bg8 22. Nf3 Nxb3 23. cxb3 Qc3 24. Rd1 Qxb3 25. Qe1 Bxd5 26. Nh4 Kg8 27. Rg3 Qxa4 28. Be2 Bf7 29. Rg4 Qc2 30. Bh6 Bf8 31. Qg3 Qxe2 32. Re1 Qa2 33. Bxg7 Bxg7 34. Rxg7+ Kh8 35. Rg4 Qb3 36. Nf3 Rg8 37. Rxg8+ Rxg8 38. Qh4 Kg7 39. Nd2 Qc2 40. Ne4 Kf8 41. g3 d5 42. Nxf6 Qc5+ 43. Kg2 Qc2+ 44. Kg1 Qc5+ 45. Kh1 Qf2 46. Nd7+ Ke8 47. Nf6+ Kf8 48. Nxh7+ Kg7 49. Qf6+ Kxh7 50. Qxf7+ Rg7 51. Qh5+ Kg8 52. Qe8+ Kh7 53. Qh5+ Kg8 54. Rc1 Rc7 55. Qe8+ Kg7 56. Rxc7+ 1-0

[Event "45th FIDE Womens Olympiad 2024"]
[Site "Budapest"]
[Date "2024.09.14"]
[Round "4.3"]
[White "Ben Amor, Meriem"]
[Black "Elshalom Essayas Berhane"]
[Result "0-1"]
[ECO "B78"]
[WhiteElo "1733"]
[BlackElo "1659"]
[PlyCount "114"]
[EventDate "2024.09.05"]
[EventType "team-tourn"]
[EventCountry "HUN"]
[WhiteTeam "Tunisia"]
[BlackTeam "Eritrea"]
[WhiteTeamCountry "TUN"]
[BlackTeamCountry "ERI"]
[TimeControl "40/5400+30:1800+30"]

1. e4 c5 2. Nf3 Nc6 3. d4 cxd4 4. Nxd4 d6 5. Nc3 g6 6. Be3 Bg7 7. Qd2 Nf6 8. f3 Bd7 9. Bc4 O-O 10. Bb3 Rc8 11. O-O-O Ne5 12. Kb1 a6 13. h4 b5 14. Qe1 Nc4 15. Bg5 h6 16. Bc1 b4 17. Nd5 Nxd5 18. exd5 a5 19. Bxc4 Rxc4 20. Be3 h5 21. Qe2 Rc7 22. g4 hxg4 23. fxg4 Qc8 24. Rhg1 a4 25. h5 b3 26. cxb3 Bxd4 27. Bxd4 axb3 28. a3 e5 29. dxe6 Bxe6 30. hxg6 fxg6 31. Qh2 Rh7 32. Qxd6 Rd8 33. Qf4 Qc2+ 34. Ka1 Ra8 35. Qd6 Qc4 36. Rc1 Rd7 37. Qxd7 Qxc1+ 38. Rxc1 Bxd7 39. Rg1 Rc8 40. Kb1 Rc4 41. Bc3 Bxg4 42. Kc1 Kf7 43. Kd2 Bf5 44. Ke3 Rxc3+ 45. bxc3 b2 46. a4 b1=Q 47. Rxb1 Bxb1 48. a5 Bf5 49. a6 Bc8 50. a7 Bb7 51. c4 g5 52. c5 Ke6 53. Kf2 Kf5 54. Kg3 Bc6 55. Kf2 Kf4 56. Kf1 Kg3 57. Kg1 g4 {0-} 0-1

[Event "45th FIDE Womens Olympiad 2024"]
[Site "Budapest"]
[Date "2024.09.14"]
[Round "4.4"]
[White "Benmesbah, Natacha"]
[Black "Tania, Sachdev"]
[Result "0-1"]
[ECO "B43"]
[WhiteElo "2258"]
[BlackElo "2386"]
[Annotator "ChessBase"]
[PlyCount "100"]
[EventDate "2024.09.05"]
[EventType "team-tourn"]
[EventCountry "HUN"]
[SourceTitle "playchess.com"]
[Source "ChessBase"]
[SourceQuality "1"]
[WhiteTeam "France"]
[BlackTeam "India"]
[WhiteTeamCountry "FRA"]
[BlackTeamCountry "IND"]
[TimeControl "40/5400+30:1800+30"]

1. e4 c5 2. Nf3 e6 3. Nc3 a6 4. d4 cxd4 5. Nxd4 Qc7 6. Be3 Nf6 7. a3 b5 8. Qd2 Bb7 9. f3 b4 10. axb4 Bxb4 11. Ra4 Be7 12. Bd3 O-O 13. O-O d5 14. exd5 Nxd5 15. Nxd5 Bxd5 16. c4 Bb7 17. Qa5 Qxa5 18. Rxa5 Nd7 19. Nc2 Rfc8 20. Be2 Bd8 21. Ra3 Ne5 22. b3 a5 23. Rfa1 Nc6 24. Kf2 Bf6 25. Rd1 Rd8 26. Rxd8+ Rxd8 27. Ra2 Bc3 28. f4 Rb8 29. Bf3 Ba8 30. Bxc6 Bxc6 31. Nd4 Be4 32. Nb5 Bb4 33. Bd4 f6 34. Ke3 Bc6 35. Na7 Bd7 36. c5 e5 37. fxe5 fxe5 38. Bxe5 Bxc5+ 39. Kd2 Re8 40. Bc3 Bxa7 41. Rxa5 Be3+ 42. Kd3 Bb6 43. Rd5 Bc6 44. Rd6 Be4+ 45. Kd2 Bc7 46. Rd7 Bf4+ 47. Kd1 Be5 48. Bxe5 Rxe5 49. g3 Rd5+ 50. Rxd5 Bxd5 0-1

[Event "45th FIDE Womens Olympiad 2024"]
[Site "Budapest"]
[Date "2024.09.14"]
[Round "4.5"]
[White "De Blecourt, Sandra"]
[Black "Gaal, Zsoka"]
[Result "0-1"]
[ECO "E13"]
[WhiteElo "2065"]
[BlackElo "2385"]
[Annotator "ChessBase"]
[PlyCount "74"]
[EventDate "2024.09.05"]
[EventType "team-tourn"]
[EventCountry "HUN"]
[SourceTitle "playchess.com"]
[Source "ChessBase"]
[SourceQuality "1"]
[WhiteTeam "Denmark"]
[BlackTeam "Hungary"]
[WhiteTeamCountry "DEN"]
[BlackTeamCountry "HUN"]
[TimeControl "40/5400+30:1800+30"]

1. d4 Nf6 2. c4 e6 3. Nc3 Bb4 4. Nf3 Bxc3+ 5. bxc3 d6 6. Bg5 h6 7. Bh4 Nbd7 8. Nd2 b6 9. e3 Bb7 10. f3 Qe7 11. Be2 e5 12. O-O O-O 13. Qc2 Rfe8 14. Rae1 Nf8 15. Bd3 g5 16. Bg3 Kg7 17. c5 Nh5 18. cxd6 cxd6 19. f4 Nxg3 20. hxg3 e4 21. Bb5 Rec8 22. fxg5 hxg5 23. Rf5 d5 24. Ref1 Nh7 25. Qb3 Rc7 26. Be2 Rd8 27. c4 f6 28. cxd5 Bc8 29. Bg4 Nf8 30. Qd1 Bxf5 31. Bxf5 Rxd5 32. Bxe4 Ra5 33. a4 f5 34. Bxf5 Qxe3+ 35. Kh2 Rxf5 36. Rxf5 Kg6 37. Rxf8 Rh7+ 0-1

[Event "45th FIDE Womens Olympiad 2024"]
[Site "Budapest"]
[Date "2024.09.14"]
[Round "4.5"]
[White "Andhin, Chethanah"]
[Black "Wilson, Hannah"]
[Result "0-1"]
[ECO "D02"]
[WhiteElo "1607"]
[BlackElo "1888"]
[PlyCount "150"]
[EventDate "2024.09.05"]
[EventType "team-tourn"]
[EventCountry "HUN"]
[WhiteTeam "Mauritius"]
[BlackTeam "Barbados"]
[WhiteTeamCountry "MRI"]
[BlackTeamCountry "BAR"]
[TimeControl "40/5400+30:1800+30"]

1. d4 d5 2. Bf4 Nf6 3. Nf3 c5 4. c3 Nc6 5. e3 Qb6 6. Qc2 g6 7. Nbd2 cxd4 8. exd4 Bg7 9. Bd3 O-O 10. h3 Re8 11. O-O Bd7 12. Rfe1 Rac8 13. Qb3 Na5 14. Qa3 Bf8 15. b4 Nc4 16. Qb3 Bb5 17. Bc2 Nh5 18. Bh2 Bh6 19. Nf1 Nf4 20. a4 Bd7 21. Ne5 Be6 22. Nxc4 dxc4 23. Qb1 Qc6 24. Be4 Bd5 25. Bxd5 Qxd5 26. Qe4 Qxe4 27. Rxe4 Nd5 28. Ra3 Bc1 29. Ra1 Bb2 30. Rae1 Bxc3 31. Rb1 Nf6 32. Rf4 g5 33. Rf3 Bxd4 34. Rc1 c3 35. Rd3 Red8 36. Ne3 e5 37. Nf5 Kf8 38. Nxd4 exd4 39. Be5 Nd5 40. Rxd4 f6 41. Bg3 c2 42. Rd2 Nxb4 43. Bd6+ Rxd6 44. Rxd6 Na2 45. Rxc2 Rxc2 46. Rxf6+ Kg7 47. Rd6 Rc7 48. Kh2 Nc3 49. Rd4 b5 50. axb5 Kf6 51. b6 axb6 52. Rd6+ Kg7 53. Rxb6 Nd1 54. Kg1 Rc2 55. Rb7+ Kg6 56. Rb6+ Kf5 57. Rb5+ Kf4 58. Rb4+ Kf5 59. Rb5+ Kf6 60. Rb6+ Ke7 61. Rb7+ Ke6 62. Rb6+ Kd5 63. Rb7 Nxf2 64. Rxh7 Ne4 65. Rh8 Ke5 66. Re8+ Kf4 67. Rf8+ Kg3 68. Rf3+ Kh4 69. Kh2 Rf2 70. Re3 Nd2 71. Kg1 Rf1+ 72. Kh2 Rd1 73. Re8 Nf1+ 74. Kg1 Ng3+ 75. Kf2 Rf1+ {0-} 0-1

[Event "45th FIDE Womens Olympiad 2024"]
[Site "Budapest"]
[Date "2024.09.14"]
[Round "4.6"]
[White "Hoang, Thanh Trang"]
[Black "Kakulidis, Ellen"]
[Result "1-0"]
[ECO "D23"]
[WhiteElo "2351"]
[BlackElo "2048"]
[Annotator "ChessBase"]
[PlyCount "73"]
[EventDate "2024.09.05"]
[EventType "team-tourn"]
[EventCountry "HUN"]
[SourceTitle "playchess.com"]
[Source "ChessBase"]
[SourceQuality "1"]
[WhiteTeam "Hungary"]
[BlackTeam "Denmark"]
[WhiteTeamCountry "HUN"]
[BlackTeamCountry "DEN"]
[TimeControl "40/5400+30:1800+30"]

1. d4 d5 2. c4 c6 3. Nf3 Nf6 4. Qc2 dxc4 5. Qxc4 Bf5 6. g3 e6 7. Bg2 Be7 8. O-O O-O 9. e3 Nbd7 10. Rd1 a5 11. Nc3 a4 12. Ne1 a3 13. bxa3 Bxa3 14. e4 Bxc1 15. Rdxc1 Bg6 16. Rab1 Ra7 17. Rb3 Qa8 18. a4 h6 19. Nd3 Re8 20. f4 Ra5 21. Nf2 Qa7 22. Rcb1 Rb8 23. g4 c5 24. f5 exf5 25. exf5 cxd4 26. fxg6 dxc3 27. Rxb7 Rxb7 28. Qc8+ Nf8 29. Rxb7 Qc5 30. Rc7 Qb4 31. gxf7+ Kh7 32. Bf1 Rxa4 33. Rc4 Qb3 34. Rxa4 Qxa4 35. Qxf8 Qc6 36. Bd3+ g6 37. Qe7 1-0

[Event "45th FIDE Womens Olympiad 2024"]
[Site "Budapest"]
[Date "2024.09.14"]
[Round "4.7"]
[White "Guindy, Esmat Susanne"]
[Black "Papp, Petra"]
[Result "1/2-1/2"]
[ECO "A37"]
[WhiteElo "2015"]
[BlackElo "2259"]
[Annotator "ChessBase"]
[PlyCount "73"]
[EventDate "2024.09.05"]
[EventType "team-tourn"]
[EventCountry "HUN"]
[SourceTitle "playchess.com"]
[Source "ChessBase"]
[SourceQuality "1"]
[WhiteTeam "Denmark"]
[BlackTeam "Hungary"]
[WhiteTeamCountry "DEN"]
[BlackTeamCountry "HUN"]
[TimeControl "40/5400+30:1800+30"]

1. Nf3 c5 2. c4 Nc6 3. Nc3 g6 4. g3 Bg7 5. Bg2 d6 6. O-O e6 7. e3 Nge7 8. d4 O-O 9. dxc5 dxc5 10. Na4 b6 11. Bd2 Bb7 12. Bc3 Qc7 13. Bxg7 Kxg7 14. Qe2 Rad8 15. Rfd1 f6 16. Nc3 Ba6 17. b3 Nf5 18. Rxd8 Rxd8 19. Rd1 h6 20. h4 Rxd1+ 21. Qxd1 Qd6 22. Qxd6 Nxd6 23. Nd2 Ne5 24. Nde4 Nef7 25. Nxd6 Nxd6 26. Bc6 Nf7 27. Kf1 Kf8 28. Ke2 Ke7 29. f4 Nd8 30. Be4 f5 31. Bf3 h5 32. e4 Bb7 33. e5 Bc8 34. Nb5 a6 35. Nd6 Bd7 36. a3 Nf7 37. Nxf7 1/2-1/2

[Event "45th FIDE Womens Olympiad 2024"]
[Site "Budapest"]
[Date "2024.09.14"]
[Round "4.7"]
[White "Beekhy, Aamirah"]
[Black "Reifer-Belle, Chanon"]
[Result "0-1"]
[ECO "D00"]
[WhiteElo "1600"]
[BlackElo "1736"]
[PlyCount "80"]
[EventDate "2024.09.05"]
[EventType "team-tourn"]
[EventCountry "HUN"]
[WhiteTeam "Mauritius"]
[BlackTeam "Barbados"]
[WhiteTeamCountry "MRI"]
[BlackTeamCountry "BAR"]
[TimeControl "40/5400+30:1800+30"]

1. d4 d5 2. Bf4 Nf6 3. e3 c5 4. c3 Nc6 5. Nd2 Bf5 6. Ngf3 Qb6 7. Qb3 c4 8. Qxb6 axb6 9. Nh4 Bg6 10. Nxg6 hxg6 11. Bc7 b5 12. Be2 e6 13. Bf4 b4 14. e4 bxc3 15. bxc3 Ra3 16. e5 Nd7 17. Nb1 Ra5 18. O-O b5 19. Nd2 Nb6 20. Rfc1 Kd7 21. Bd1 Ba3 22. Rc2 Rha8 23. Nb1 Be7 24. Bc1 b4 25. cxb4 Nxb4 26. Rb2 Rxa2 27. Raxa2 Rxa2 28. Rxa2 Nxa2 29. Bd2 Nb4 30. Nc3 Kc6 31. f4 Nd3 32. Bc2 Nb4 33. Bd1 Kd7 34. Be1 Nc6 35. Kf2 Nxd4 36. Ke3 Nf5+ 37. Kf3 Bb4 38. Kf2 Kc6 39. Bc2 Bc5+ 40. Kf3 Nd4+ {0-} 0-1

[Event "45th FIDE Womens Olympiad 2024"]
[Site "Budapest"]
[Date "2024.09.14"]
[Round "4.8"]
[White "Lazarne Vajda, Szidonia"]
[Black "Durrfeld, Sofie Bech"]
[Result "1-0"]
[ECO "A43"]
[WhiteElo "2283"]
[BlackElo "1937"]
[Annotator "ChessBase"]
[PlyCount "97"]
[EventDate "2024.09.05"]
[EventType "team-tourn"]
[EventCountry "HUN"]
[SourceTitle "playchess.com"]
[Source "ChessBase"]
[SourceQuality "1"]
[WhiteTeam "Hungary"]
[BlackTeam "Denmark"]
[WhiteTeamCountry "HUN"]
[BlackTeamCountry "DEN"]
[TimeControl "40/5400+30:1800+30"]

1. d4 Nf6 2. Nc3 c5 3. d5 g6 4. e4 d6 5. Nf3 Bg7 6. Bc4 Bg4 7. h3 Bxf3 8. Qxf3 Nbd7 9. Be2 a6 10. a4 O-O 11. O-O Ne5 12. Qg3 Qa5 13. f4 Ned7 14. Ra3 Qb4 15. Qf3 c4 16. a5 b5 17. axb6 Qxb6+ 18. Kh1 Rfc8 19. Ra4 a5 20. Rxc4 Rxc4 21. Bxc4 Qd4 22. Bd3 a4 23. Nb5 Qb4 24. c3 Qa5 25. Be3 Rb8 26. c4 Ne8 27. Qf2 Qb4 28. Rb1 Nef6 29. Qc2 Nc5 30. Bxc5 Qxc5 31. Qd2 h5 32. e5 dxe5 33. fxe5 Nd7 34. e6 Ne5 35. exf7+ Kxf7 36. Ra1 Kg8 37. Rxa4 Nxd3 38. Qxd3 Rxb5 39. cxb5 Qc1+ 40. Kh2 Be5+ 41. g3 Qxb2+ 42. Kg1 Qc1+ 43. Kg2 Kg7 44. Re4 Bd6 45. Re6 Qg5 46. h4 Qg4 47. b6 Kh6 48. b7 Bb8 49. Qe3+ 1-0

[Event "45th FIDE Womens Olympiad 2024"]
[Site "Budapest"]
[Date "2024.09.14"]
[Round "4.9"]
[White "Yao, Lan"]
[Black "Zhu, Jiner"]
[Result "0-1"]
[ECO "B32"]
[WhiteElo "2353"]
[BlackElo "2487"]
[Annotator "ChessBase"]
[PlyCount "102"]
[EventDate "2024.09.05"]
[EventType "team-tourn"]
[EventCountry "HUN"]
[SourceTitle "playchess.com"]
[Source "ChessBase"]
[SourceQuality "1"]
[WhiteTeam "England"]
[BlackTeam "China"]
[WhiteTeamCountry "ENG"]
[BlackTeamCountry "CHN"]
[TimeControl "40/5400+30:1800+30"]

1. e4 c5 2. Nf3 Nc6 3. d4 cxd4 4. Nxd4 e5 5. Nb5 d6 6. c4 Nf6 7. N1c3 a6 8. Na3 Be6 9. Be2 Nd4 10. Be3 Nxe2 11. Qxe2 Rc8 12. f3 Be7 13. O-O O-O 14. Nd5 Nxd5 15. cxd5 Bd7 16. Rfc1 b5 17. Rxc8 Qxc8 18. Rc1 Qb7 19. Qd2 f5 20. Nc2 Bd8 21. Nb4 fxe4 22. fxe4 Ba5 23. a3 Be8 24. Qd3 Bb6 25. Re1 a5 26. Na2 Bg6 27. Nc3 b4 28. axb4 axb4 29. Ne2 Qa7 30. Ng3 h5 31. Nf1 Rf4 32. Nd2 Bxe3+ 33. Qxe3 Qa2 34. g3 Rf8 35. b3 Qc2 36. Nc4 Ra8 37. Re2 Ra1+ 38. Kg2 Qd1 39. Kh3 Be8 40. Nxd6 Qf1+ 41. Rg2 Bd7+ 42. Nf5 Ra2 43. Qg1 Bxf5+ 44. exf5 Qxf5+ 45. g4 Qf3+ 46. Rg3 hxg4+ 47. Kh4 Qf4 48. d6 Rxh2+ 49. Qxh2 Qh6+ 50. Kxg4 Qxh2 51. Rf3 Qd2 0-1

[Event "45th FIDE Womens Olympiad 2024"]
[Site "Budapest"]
[Date "2024.09.14"]
[Round "4.9"]
[White "Mongeli, Sasha"]
[Black "Nomcebo, Sibisi"]
[Result "1-0"]
[ECO "E08"]
[WhiteElo "1819"]
[BlackElo "1570"]
[PlyCount "63"]
[EventDate "2024.09.05"]
[EventType "team-tourn"]
[EventCountry "HUN"]
[WhiteTeam "Kenya"]
[BlackTeam "Eswatini"]
[WhiteTeamCountry "KEN"]
[TimeControl "40/5400+30:1800+30"]

1. d4 d5 2. g3 c6 3. Bg2 e6 4. Nf3 Nf6 5. Nbd2 Be7 6. O-O O-O 7. c4 Nbd7 8. Qc2 b6 9. e4 dxe4 10. Nxe4 Nxe4 11. Qxe4 Bb7 12. Rd1 Rc8 13. b3 Ba8 14. Qe2 Bf6 15. Bb2 Qc7 16. Rd2 c5 17. Rad1 cxd4 18. Bxd4 Bxd4 19. Rxd4 Nc5 20. b4 Na6 21. a3 Nb8 22. Qd3 e5 23. Ng5 f5 24. Ne6 Qf7 25. Nxf8 exd4 26. Bxa8 Kxf8 27. Qxd4 Qc7 28. Bd5 Rd8 29. Qh4 g6 30. Qf6+ Ke8 31. Re1+ Kd7 32. Qe6# 1-0

[Event "45th FIDE Womens Olympiad 2024"]
[Site "Budapest"]
[Date "2024.09.14"]
[Round "4.10"]
[White "Song, Yuxin"]
[Black "Houska, Jovanka"]
[Result "1-0"]
[ECO "B15"]
[WhiteElo "2373"]
[BlackElo "2333"]
[Annotator "ChessBase"]
[PlyCount "43"]
[EventDate "2024.09.05"]
[EventType "team-tourn"]
[EventCountry "HUN"]
[SourceTitle "playchess.com"]
[Source "ChessBase"]
[SourceQuality "1"]
[WhiteTeam "China"]
[BlackTeam "England"]
[WhiteTeamCountry "CHN"]
[BlackTeamCountry "ENG"]
[TimeControl "40/5400+30:1800+30"]

1. e4 c6 2. d4 d5 3. Nc3 g6 4. e5 Bg7 5. Bf4 f6 6. Qd2 Bf5 7. Nf3 Nd7 8. O-O-O Qa5 9. Kb1 O-O-O 10. exf6 Ndxf6 11. h3 h5 12. Ne5 Nh6 13. Bd3 Ne8 14. Bxf5+ Nxf5 15. Nxg6 Rg8 16. g4 Nxd4 17. Nxe7+ Kd7 18. Nxg8 Qb4 19. Ne4 Qf8 20. Ngf6+ Nxf6 21. Qxd4 Kc8 22. Qe5 1-0

[Event "45th FIDE Womens Olympiad 2024"]
[Site "Budapest"]
[Date "2024.09.14"]
[Round "4.10"]
[White "Nkwanyane Nolwazi"]
[Black "Ndirangu, Joyce Nyaruai"]
[Result "0-1"]
[ECO "B27"]
[WhiteElo "1542"]
[BlackElo "1782"]
[PlyCount "102"]
[EventDate "2024.09.05"]
[EventType "team-tourn"]
[EventCountry "HUN"]
[WhiteTeam "Eswatini"]
[BlackTeam "Kenya"]
[BlackTeamCountry "KEN"]
[TimeControl "40/5400+30:1800+30"]

1. e4 c5 2. Nf3 g6 3. c3 d5 4. Bb5+ Bd7 5. Qa4 dxe4 6. Bxd7+ Qxd7 7. Qxe4 Nf6 8. Qe2 Nc6 9. O-O Bg7 10. Rd1 O-O 11. d4 Rad8 12. d5 Nxd5 13. Bd2 Nf4 14. Qf1 Qg4 15. Bxf4 Rxd1 16. Qxd1 Qxf4 17. Nbd2 Rd8 18. Qe2 Bh6 19. Ne4 b6 20. Ng3 e5 21. Re1 f6 22. Qe4 Qxe4 23. Nxe4 f5 24. Neg5 e4 25. Ne6 Rd7 26. Nfg5 Rd2 27. Rb1 Ne5 28. Nh3 Nd3 29. g3 Nxb2 30. a4 Rd1+ 31. Rxd1 Nxd1 32. a5 Nxc3 33. axb6 axb6 34. Kf1 Bd2 35. Ng1 c4 36. Ne2 Nd5 37. N2d4 Nc3 38. Nc7 Kf7 39. Ndb5 Nxb5 40. Nxb5 Ke6 41. Ke2 c3 42. Kd1 Kd5 43. Na3 Kd4 44. Kc2 Be1 45. Nb5+ Kc4 46. Na3+ Kb4 47. Nb1 b5 48. h3 h6 49. g4 fxg4 50. hxg4 h5 51. gxh5 gxh5 {0-} 0-1

[Event "45th FIDE Womens Olympiad 2024"]
[Site "Budapest"]
[Date "2024.09.14"]
[Round "4.11"]
[White "Hunt, Harriet V"]
[Black "Ni, Shiqun"]
[Result "0-1"]
[ECO "C43"]
[WhiteElo "2304"]
[BlackElo "2348"]
[Annotator "ChessBase"]
[PlyCount "54"]
[EventDate "2024.09.05"]
[EventType "team-tourn"]
[EventCountry "HUN"]
[SourceTitle "playchess.com"]
[Source "ChessBase"]
[SourceQuality "1"]
[WhiteTeam "England"]
[BlackTeam "China"]
[WhiteTeamCountry "ENG"]
[BlackTeamCountry "CHN"]
[TimeControl "40/5400+30:1800+30"]

1. e4 e5 2. Nf3 Nf6 3. d4 Nxe4 4. Bd3 d5 5. dxe5 Nc5 6. Be2 Be7 7. O-O Ne6 8. Be3 c5 9. c3 O-O 10. Qb3 b6 11. a4 a6 12. Rd1 Bb7 13. Ne1 Qc7 14. Na3 Nd7 15. f4 c4 16. Qc2 Bc5 17. Rd4 f6 18. Bg4 Rae8 19. Bxe6+ Rxe6 20. Qf5 Qc6 21. Qh3 fxe5 22. fxe5 Nxe5 23. Nec2 Rg6 24. Kh1 Bxd4 25. Nxd4 Qf6 26. Kg1 Bc8 27. Qh5 Bg4 0-1

[Event "45th FIDE Womens Olympiad 2024"]
[Site "Budapest"]
[Date "2024.09.14"]
[Round "4.11"]
[White "Mutisya, Jully"]
[Black "Dlamini Sincobile"]
[Result "1-0"]
[ECO "D00"]
[WhiteElo "1750"]
[BlackElo "1572"]
[PlyCount "47"]
[EventDate "2024.09.05"]
[EventType "team-tourn"]
[EventCountry "HUN"]
[WhiteTeam "Kenya"]
[BlackTeam "Eswatini"]
[WhiteTeamCountry "KEN"]
[TimeControl "40/5400+30:1800+30"]

1. d4 Nf6 2. Bf4 e6 3. e3 d5 4. Nd2 Bd6 5. Bg3 b6 6. c3 O-O 7. Bd3 c5 8. Ngf3 Qc7 9. Ne5 Nbd7 10. f4 Bb7 11. Qf3 Rac8 12. Bh4 cxd4 13. exd4 Rfe8 14. O-O g6 15. Rae1 Rf8 16. Qh3 Nh5 17. Re3 Nxe5 18. fxe5 Be7 19. Bf6 Bxf6 20. exf6 Kh8 21. g4 Nf4 22. Qh6 Rg8 23. Rxf4 e5 24. Rh3 1-0

[Event "45th FIDE Womens Olympiad 2024"]
[Site "Budapest"]
[Date "2024.09.14"]
[Round "4.12"]
[White "Lu, Miaoyi"]
[Black "Toma, Katarzyna"]
[Result "1-0"]
[ECO "E44"]
[WhiteElo "2438"]
[BlackElo "2184"]
[Annotator "ChessBase"]
[PlyCount "79"]
[EventDate "2024.09.05"]
[EventType "team-tourn"]
[EventCountry "HUN"]
[SourceTitle "playchess.com"]
[Source "ChessBase"]
[SourceQuality "1"]
[WhiteTeam "China"]
[BlackTeam "England"]
[WhiteTeamCountry "CHN"]
[BlackTeamCountry "ENG"]
[TimeControl "40/5400+30:1800+30"]

1. d4 Nf6 2. c4 e6 3. Nc3 Bb4 4. e3 O-O 5. Nge2 Ne4 6. Qc2 f5 7. a3 Bxc3+ 8. Nxc3 Nxc3 9. Qxc3 b6 10. Bd3 Bb7 11. O-O d6 12. b4 Nd7 13. f3 Qe7 14. Bb2 e5 15. d5 a5 16. Qc2 Qf7 17. g4 axb4 18. axb4 Rxa1 19. Bxa1 g6 20. f4 fxg4 21. fxe5 Qg7 22. e6 Rxf1+ 23. Bxf1 Ne5 24. Qe4 Qf6 25. Bxe5 Qxe5 26. Qxe5 dxe5 27. Bg2 Bc8 28. Kf2 Kg7 29. Kg3 h5 30. Kh4 Kf6 31. Be4 c6 32. dxc6 Bxe6 33. c7 Bc8 34. b5 Ke7 35. c5 bxc5 36. b6 Kd6 37. b7 Bxb7 38. Bxb7 Kxc7 39. Be4 Kd6 40. Bxg6 1-0